 Dungeon Crawl Stone Soup version 0.15.0-29-ga8e3430 (webtiles) character file.

2165 Leibowitz the Shield-Bearer (level 9, -4/78 HPs)
             Began as a Minotaur Fighter on Sept 12, 2014.
             Slain by an orc warrior
             ... wielding a +0 dire flail
              (10 damage)
             ... on Level 7 of the Dungeon.
             The game lasted 00:34:16 (4703 turns).

Leibowitz the Shield-Bearer (Minotaur Fighter)      Turns: 4703, Time: 00:34:16

HP  -4/78        AC 14     Str 22      XL: 9   Next: 10%
MP   5/5         EV  6     Int  5      God:
Gold 177         SH 11     Dex 12      Spells:  0 memorised,  8 levels left

rFire  . . .     SeeInvis .     a - +2 war axe
rCold  . . .     Clarity  .     i - +0 chain mail
rNeg   . . .     rCorr    .     c - +0 shield
rPois  .         rRot     .     (helmet restricted)
rElec  .         Spirit   .     n - +2 cloak
SustAb .         Warding  .     (no gloves)
rMut   .         Stasis   .     (no boots)
Gourm  .                        (no amulet)
MR     .....                    (no ring)
                                (no ring)

@: not resistant to hostile enchantments, extremely unstealthy
A: retaliatory headbutt, horns 2
a: no special abilities


You were on level 7 of the Dungeon.
You were hungry.

You visited 2 branches of the dungeon, and saw 8 of its levels.
You also visited: Sewer.

You collected 201 gold pieces.
You spent 24 gold pieces at shops.

Inventory:

Hand weapons
 a - a +2 war axe (weapon)
 b - a +0 blowgun
Missiles
 j - 6 javelins (quivered)
 u - 7 needles of paralysis
 w - 20 poisoned needles
Armour
 c - a +0 shield (worn)
 i - a +0 chain mail (worn)
 n - a +2 cloak (worn)
Magical devices
 y - a wand of frost (2)
 B - a wand of magic darts (10)
 C - a wand of slowing (0) {unknown}
 D - a wand of digging (12)
Comestibles
 d - 4 bread rations
 f - 2 meat rations
 o - 4 fruits
 r - 2 beef jerkies
 t - 2 slices of pizza
 F - 2 chunks of jackal flesh
Scrolls
 h - 2 scrolls of amnesia
 m - 6 scrolls of teleportation
 p - 5 scrolls of identify
 q - a scroll of magic mapping
 s - 2 scrolls of enchant weapon
 E - a scroll of blinking
Potions
 e - 2 potions of might
 g - a potion of agility
 k - a potion of porridge
 l - 7 potions of curing
 v - a potion of haste
 x - a potion of flight
 A - 2 potions of lignification {unknown}


   Skills:
 + Level 6.7 Fighting
 + Level 6.5 Axes
 + Level 1.5 Throwing
 + Level 7.3 Armour
 + Level 5.9 Dodging
 + Level 7.5 Shields
 + Level 1.0 Evocations


You had 8 spell levels left.
You didn't know any spells.

Dungeon Overview and Level Annotations

Branches:
Dungeon (7/15)             Temple (1/1) D:6

Altars:
Ashenzari
Cheibriados
Dithmenos
Elyvilon
Kikubaaqudgha
Trog
Xom
Yredelemnul
Zin
Lugonu

Shops:
D:5 **


Innate Abilities, Weirdness & Mutations

You reflexively headbutt those who attack you in melee.
You have a pair of horns on your head.


Message History

You slash the goblin!
You kill the goblin!
You hit the orc priest.
You kill the orc priest!
The orc warrior hits you with a dire flail.
* * * LOW HITPOINT WARNING * * *
You closely miss the orc warrior.
You headbutt the orc warrior, but do no damage.
The orc warrior is severely wounded.
The orc warrior completely misses you. You furiously retaliate!
You headbutt the orc warrior. You hit the orc warrior.
Your headbutt misses the orc warrior.
The orc warrior is severely wounded.
You are feeling hungry.
The orc warrior hits you but does no damage.
You closely miss the orc warrior.
The orc warrior is severely wounded.
You closely miss the quokka. You block the quokka's attack.
The orc warrior hits you with a dire flail!
You die...

#..#..######.##.#
#............##.#
#..####%####.##.#
#.)##.....##.##.###
#./#.......#....#..
#.#.......#.#.....
#....._..)..#.##..
##.#.......#.#.###.
#o@#.......#.#.###.
#)r##.....##.#.##..
#.(####.####.#.##..
#..? ..... ..#.##..
#... .#### .##.....
..... . ####..
..... #####..
....... ........
... ......#


You could see an orc warrior and a quokka.

Vanquished Creatures
  Prince Ribbit (D:6)
  2 water moccasins (D:5)
  An ice beast (D:5)
  4 ogres
  Sigmund (D:4)
  A centaur (D:5)
  A giant frog (D:7)
  Blork the orc (D:6)
  5 wights (D:6)
  2 crimson imps (D:5)
  Crazy Yiuf (D:6)
  2 hounds (D:4)
  4 orc priests
  4 worker ants
  A jelly (D:3)
  Natasha (thrice) (D:5)
  5 orc wizards
  3 gnolls (D:4)
  6 adders
  A shadow imp (D:5)
  3 giant mites (D:3)
  3 worms
  An adder skeleton (D:4)
  9 giant geckos
  2 oozes
  22 orcs
  2 ball pythons
  5 giant cockroaches
  9 goblins
  6 hobgoblins
  21 jackals
  27 kobolds
  3 quokkas
  15 bats
  9 giant newts
  A goblin skeleton (D:4)
  An orc zombie (D:5)
  13 rats
  A bush (D:1)
  2 plants (D:1)
204 creatures vanquished.

Notes
Turn   | Place    | Note
--------------------------------------------------------------
     0 | D:1      | Leibowitz, the Minotaur Fighter, began the quest for the Orb.
     0 | D:1      | Reached XP level 1. HP: 19/19 MP: 1/1
   110 | D:1      | Reached skill level 4 in Shields
   110 | D:1      | Reached XP level 2. HP: 24/27 MP: 1/1
   486 | D:1      | Reached XP level 3. HP: 28/33 MP: 2/2
   856 | D:2      | Reached skill level 1 in Dodging
  1073 | D:3      | Found a glowing drain.
  1092 | D:3      | Reached XP level 4. HP: 39/41 MP: 2/2
  1107 | Sewer    | Entered a sewer
  1531 | D:3      | Reached XP level 5. HP: 37/47 MP: 2/2
  1619 | D:3      | Found a snail-covered altar of Cheibriados.
  1747 | D:3      | Reached skill level 5 in Shields
  2063 | D:4      | Reached XP level 6. HP: 53/53 MP: 3/3
  2142 | D:4      | Noticed Sigmund
  2166 | D:4      | Killed Sigmund
  2408 | D:4      | Reached skill level 5 in Fighting
  2408 | D:4      | Reached skill level 5 in Armour
  2408 | D:4      | Reached XP level 7. HP: 32/61 MP: 3/3
  2841 | D:5      | Entered Level 5 of the Dungeon
  2893 | D:5      | Reached skill level 6 in Shields
  2933 | D:5      | Noticed Natasha
  2947 | D:5      | Killed Natasha
  3263 | D:5      | Found a glowing silver altar of Zin.
  3302 | D:5      | Noticed Natasha
  3314 | D:5      | Killed Natasha
  3319 | D:5      | Reached skill level 5 in Axes
  3330 | D:5      | Found Thriuj Schau's Assorted Antiques.
  3335 | D:5      | Bought an inky potion for 24 gold pieces
  3421 | D:5      | Noticed Natasha
  3431 | D:5      | Killed Natasha
  3454 | D:5      | Found Mnymmiagg's Serpentskin Sales.
  3461 | D:5      | Reached XP level 8. HP: 53/70 MP: 3/3
  3682 | D:5      | Reached skill level 5 in Dodging
  3775 | D:6      | Reached skill level 7 in Shields
  3889 | D:6      | Noticed Crazy Yiuf
  3897 | D:6      | Killed Crazy Yiuf
  3945 | D:6      | Found a staircase to the Ecumenical Temple.
  3961 | Temple   | Entered the Ecumenical Temple
  4040 | D:6      | Noticed Blork the orc
  4048 | D:6      | Killed Blork the orc
  4070 | D:6      | Noticed Prince Ribbit
  4085 | D:6      | Killed Prince Ribbit
  4085 | D:6      | Reached skill level 1 in Throwing
  4521 | D:6      | Reached XP level 9. HP: 78/78 MP: 5/5
  4659 | D:7      | Found a bloodstained altar of Trog.
  4665 | D:7      | Reached skill level 1 in Evocations
  4703 | D:7      | Slain by an orc warrior

Action                   |  1- 3 |  4- 6 |  7- 9 || total
-------------------------+-------+-------+-------++-------
Melee: War axe           |   145 |   164 |   263 ||   572
 Fire: Blowgun           |       |     9 |       ||     9
Throw: Javelin           |       |       |     9 ||     9
Evoke: Wand              |       |       |     4 ||     4
  Use: Scroll            |       |     8 |     4 ||    12
       Potion            |       |     8 |     7 ||    15
 Stab: Invisible         |       |       |     1 ||     1
  Eat: Chunk             |       |     6 |     8 ||    14
